 Dungeon Crawl Stone Soup version 0.28-a0-1236-gb25a51b929 (webtiles) character file.

Game seed: 1561942211508643600

1284 backslashecho the Cleaver (level 8, -3/71 HPs)
             Began as a Minotaur Fighter on Dec 26, 2021.
             Was an Initiate of Okawaru.
             Killed from afar by a steam dragon (25 damage)
             ... with a ball of steam
             ... on level 6 of the Dungeon.
             The game lasted 00:10:37 (6567 turns).

backslashecho the Cleaver (Minotaur Fighter)        Turns: 6567, Time: 00:10:38

Health: -3/71      AC:  9    Str: 23    XL:     8   Next: 29%
Magic:  7/7        EV:  8    Int:  9    God:    Okawaru [......]
Gold:   407        SH:  5    Dex: 12    Spells: 7/7 levels left

rFire   . . .      SeeInvis .   a - +0 war axe
rCold   + . .      Faith    .   c - +0 buckler
rNeg    . . .      Spirit   .   B - +0 chain mail
rPois   .          Reflect  .   (helmet restricted)
rElec   .          Harm     .   (no cloak)
rCorr   .          Rampage  .   g - +0 pair of gloves
Will    .....                   u - +0 pair of boots
Stlth   ..........              t - amulet of the Townfolk {RegenMP Fragile rC+ Int+4 Dex+2}
HPRegen 0.21/turn               (no ring)
MPRegen 0.50/turn               (no ring)

@: corroded
A: horns 2, retaliatory headbutt
a: Renounce Religion


You were on level 6 of the Dungeon.
You worshipped Okawaru.
Okawaru was noncommittal.
You visited 2 branches of the dungeon, and saw 8 of its levels.

You collected 407 gold pieces.

Inventory:

Hand Weapons
 a - a +0 war axe (weapon)
Missiles
 z - 21 poisoned darts (quivered)
Armour
 c - a +0 buckler (worn)
 g - a +0 pair of gloves (worn)
 u - a +0 pair of boots (worn)
 B - a +0 chain mail (worn)
Jewellery
 t - the amulet of the Townfolk (around neck) {RegenMP Fragile rC+ Int+4 Dex+2}
   (You found it on level 4 of the Dungeon)

   [amulet of magic regeneration]

   It increases your rate of magic regeneration.
   Int:       It affects your intelligence (+4).
   Dex:       It affects your dexterity (+2).
   rC:        It protects you from cold.
   Fragile:   It will be destroyed if unequipped.
 A - the ring of Ruikk {+Blink Will+ Str-2 Dex+3 Slay+3}
   (You found it on level 6 of the Dungeon)

   [ring of willpower]

   Str:       It affects your strength (-2).
   Dex:       It affects your dexterity (+3).
   Slay:      It affects your accuracy & damage with ranged weapons and melee
   (+3).
   +Blink:    It lets you blink.
   Will:      It increases your willpower.
Wands
 v - a wand of acid (6)
 y - a wand of flame (31)
Scrolls
 d - 3 scrolls of identify
 f - 2 scrolls of vulnerability
 h - a scroll of fear {unknown}
 i - 2 scrolls of holy word {unknown}
 j - a scroll of fog {unknown}
 k - 2 scrolls of noise {unknown}
 n - 3 scrolls of teleportation {unknown}
 r - a scroll of magic mapping {unknown}
 s - a scroll of enchant weapon {unknown}
Potions
 b - 2 potions of resistance {unknown}
 e - a potion of curing {unknown}
 l - a potion of brilliance {unknown}
 m - a potion of lignification {unknown}
 o - a potion of degeneration {unknown}
 p - a potion of mutation {unknown}
 q - a potion of cancellation {unknown}
 w - a potion of invisibility
 x - 2 potions of attraction {unknown}


   Skills:
 + Level 6.8 Fighting
 * Level 8.6 Axes
 + Level 6.9 Armour
 - Level 4.0 Shields
 - Level 1.0 Unarmed Combat
 + Level 1.1 Invocations


You had 7 spell levels left.
You didn't know any spells.
Your spell library contained the following spells:

 Spells                   Type           Power      Damage    Failure   Level
 Sandblast                Erth           0%         2d4       95%         1
 Passwall                 Tmut/Erth      0%         N/A       99%         2
 Portal Projectile        Hex/Tloc       0%         N/A       100%        3
 Stone Arrow              Conj/Erth      0%         3d7       100%        3
 Blade Hands              Tmut           0%         N/A       100%        5
 Excruciating Wounds      Necr           0%         N/A       100%        5


Dungeon Overview and Level Annotations

Branches:
Dungeon (7/15)             Temple (1/1) D:6

Altars:
Ashenzari
Cheibriados
Dithmenos
Elyvilon
Fedhas
Gozag
Hepliaklqana
Kikubaaqudgha
Makhleb
Nemelex Xobeh
Okawaru
Qazlal
Sif Muna
Trog
Vehumet
Wu Jian
Xom
Yredelemnul
Zin
The Shining One

Annotations:
D:3 exclusion: 2 doors


Innate Abilities, Weirdness & Mutations

You have a pair of horns on your head.
You reflexively headbutt those who attack you in melee.


Message History

The steam dragon is lightly wounded.
The steam dragon breathes steam at you. The ball of steam hits you.
You hear a shout!
You hear an angry hiss.
You take 4 damage, and have 49/71 hp.
You hit the steam dragon but do no damage.
The steam dragon is lightly wounded.
You are engulfed in a cloud of scalding steam.
You hear a shout!
The steam dragon bites you but does no damage.
The steam dragon claws you but does no damage.
You closely miss the steam dragon.
The steam dragon is lightly wounded.
You are engulfed in a cloud of scalding steam.
An orc priest opens the door.
A shadow imp comes into view.
A sky beast comes into view.
The steam dragon bites you!
The steam dragon claws you but does no damage.
Found an orange potion.
A scorpion comes into view.
You take 14 damage, and have 35/71 hp.
You are too injured to fight recklessly!
You barely miss the steam dragon. Your headbutt misses the steam dragon.
The steam dragon is lightly wounded.
You are engulfed in a cloud of scalding steam.
The steam dragon bites you.
* * * LOW HITPOINT WARNING * * *
The steam dragon barely misses you.
You take 14 damage, and have 21/71 hp.
Unknown command.
The orc priest casts a cantrip, but nothing happens.
The shadow imp sputters.
You completely miss the steam dragon. Your headbutt misses the steam dragon.
The steam dragon is lightly wounded.
The steam dragon barely misses you. You furiously retaliate!
You headbutt the steam dragon.
The steam dragon claws you but does no damage.
The steam dragon breathes steam at you. The ball of steam hits you!!
You die...

..##...............#..# #)##.#
..##.####.....####.#..# #.>...
..##.#[.##...##.)#.#..#######....
.###.#...##.##...#.#.............
.# #.##...#.#Z..##.#.########.###
.# #..##.)#.#'Z##..#.# #.# #
.###...###...###...#.# #.##
<..........85ZDĀ§.....# #..#
.###...###Yo.###@...(# ##.## .#
#..##.'#.#+ ##..#.#### ##... .#
#.##...#.# ##.#....# ##.... .#
#.#...##.# #.####.# #..... .#
#.#!.##...# #.####.####...##
.###.####.....####......#.....##.
..##.. ...........###..#.#......
...# ###.###.#### #..#........
...# #.....# #.........(.


You could see a steam dragon (catching breath), a shadow imp and a bullfrog
zombie.

Vanquished Creatures
  Edmund (D:5)
  2 sky beasts
  An ogre (D:4)
  An ice beast (D:6)
  A phantom (D:5)
  A scorpion (D:5)
  3 jellies
  A bullfrog zombie (D:6)
  2 centaur zombies (D:6)
  A bullfrog skeleton (D:6)
  A hound (D:6)
  3 orc priests
  An orc wizard (D:6)
  14 gnolls
  5 adders
  2 white imps (D:6)
  A worm (D:5)
  A dart slug (D:4)
  14 orcs
  3 ball pythons
  8 endoplasms
  6 goblins
  7 hobgoblins
  5 jackals
  9 kobolds
  2 quokkas (D:2)
  2 bats (D:2)
  6 frilled lizards
  3 rats
107 creatures vanquished.

Notes
Turn   | Place    | Note
-------+----------+-------------------------------------------
     0 | D:1      | backslashecho the Minotaur Fighter began the quest for the
                  | Orb.
     0 | D:1      | Reached XP level 1. HP: 19/19 MP: 0/0
   370 | D:1      | Found a faded altar of an unknown god.
   390 | D:1      | Reached XP level 2. HP: 27/27 MP: 1/1
   630 | D:2      | Reached skill level 3 in Axes
   630 | D:2      | Reached skill level 1 in Unarmed Combat
   632 | D:2      | Reached XP level 3. HP: 6/33 MP: 2/2
  1348 | D:1      | Reached XP level 4. HP: 40/40 MP: 3/3
  1619 | D:2      | Reached skill level 4 in Axes
  1684 | D:2      | Reached XP level 5. HP: 24/47 MP: 4/4
  3302 | D:4      | Reached skill level 5 in Axes
  3330 | D:4      | You fall into a shaft and drop 3 floors!
  3378 | D:6      | Reached skill level 5 in Armour
  3439 | D:6      | Reached skill level 5 in Fighting
  3439 | D:6      | Reached XP level 6. HP: 51/56 MP: 5/5
  3617 | D:5      | Entered Level 5 of the Dungeon
  3721 | D:5      | Reached skill level 6 in Axes
  3818 | D:5      | Noticed Edmund
  3832 | D:5      | Killed Edmund
  3833 | D:5      | Reached XP level 7. HP: 52/61 MP: 6/6
  4318 | D:4      | Reached skill level 7 in Axes
  4822 | D:4      | Identified the amulet of the Townfolk {RegenMP Fragile rC+
                  | Int+4 Dex+2}
  4834 | D:4      | Found a white marble altar of Elyvilon.
  5705 | D:6      | Reached skill level 8 in Axes
  5705 | D:6      | Reached XP level 8. HP: 54/71 MP: 7/7
  5709 | D:6      | Identified the ring of Ruikk {+Blink Will+ Str-2 Dex+3
                  | Slay+3}
  5976 | D:6      | Found a staircase to the Ecumenical Temple.
  6016 | Temple   | Entered the Ecumenical Temple
  6218 | Temple   | Became a worshipper of Warmaster Okawaru
  6525 | D:6      | Reached skill level 1 in Invocations
  6567 | D:6      | Killed from afar by a steam dragon

Illustrated notes

Levels and vault maps discovered:
D:1:      onia_arrival_mini_spirals, layout_loops_ring,
          dreamdust_ecumenical_altar_statues
D:2:      layout_basic
D:3:      minmay_goblin_kobold_castle, layout_loops_ring,
          guppyfry_early_orc_mine
D:4:      layout_gridville, kennysheep_mini
D:5:      layout_loops_cross, uniq_edmund
D:6:      cheibrodos_barr_body, layout_loops_ring, minmay_temple_entry_wispy,
          minmay_misc_feat_iff
D:7:      nzn_winding_woodlands_medium [nzn_winding_woodlands_5x5_three,
          nzn_winding_woodlands_5x15_eye, nzn_winding_woodlands_5x5_default,
          nzn_winding_woodlands_5x5_closed_star,
          nzn_winding_woodlands_center_triple_pond,
          nzn_winding_woodlands_hourglass, nzn_winding_woodlands_5x5_cross,
          nzn_winding_woodlands_5x15_sawtooth,
          nzn_winding_woodlands_5x5_perimeter], layout_basic,
          nicolae_ru_sacrificial_ziggurat, minmay_misc_feat_diagonals
Temple:   mainiacjoe_temple_bowtie_tessellation

Skill      XL: |  1  2  3  4  5  6  7  8 |
---------------+-------------------------+-----
Axes           | 3 4 5 6 8 |  8.6
Unarmed Combat | 1 |  1.0
Armour         | 4 5 6 |  6.9
Fighting       | 4 5 6 |  6.8
Shields        | 4 |  4.0
Invocations    | 1 |  1.1

Action                   |  1- 3 |  4- 6 |  7- 9 || total
-------------------------+-------+-------+-------++-------
Melee: War axe           |    49 |   116 |    99 ||   264
       Headbutt          |       |    14 |    20 ||    34
  Use: Potion            |     1 |     2 |       ||     3
       Scroll            |       |     2 |     1 ||     3
Armor: Scale mail        |    22 |    46 |    22 ||    90
       Chain mail        |       |       |    16 ||    16
Dodge: Dodged            |    28 |    64 |    45 ||   137
Block: Buckler           |    15 |    30 |    11 ||    56

Table legend: (Time is in decaauts)
 A = Elapsed time spent in this place.
 B = Non-inter-level travel time spent in this place.
 C = Inter-level travel time spent in this place.
 D = Time resting spent in this place.
 E = Time spent auto-exploring this place.
 F = Levels seen in this place.
 G = Mean time per level.
                   A        B        C        D        E       F      G
               +--------+--------+--------+--------+--------+-----+--------+
         Total |   6663 |   6060 |    603 |   1063 |   3792 |   8 |  832.9 |
       Dungeon |   6433 |   5858 |    575 |   1063 |   3605 |   7 |  919.0 |
        Temple |    229 |    202 |     27 |      0 |    187 |   1 |  229.0 |
               +--------+--------+--------+--------+--------+-----+--------+

Top non-repeatable levels by time:
     D:2: 1356 daAuts
     D:3: 1112 daAuts
     D:5: 1043 daAuts
     D:4: 1033 daAuts
     D:6: 976 daAuts
     D:1: 897 daAuts
  Temple: 229 daAuts
     D:7: 14 daAuts
